 Dungeon Crawl Stone Soup version 0.22.1-2-g9c5b331 (webtiles) character file.

126 Gearfox the Cudgeler (level 4, -8/35 HPs)
             Began as a Demonspawn Fighter on Dec 6, 2018.
             Mangled by an iguana (9 damage)
             ... on level 3 of the Dungeon.
             The game lasted 00:11:22 (2828 turns).

Gearfox the Cudgeler (Demonspawn Fighter)           Turns: 2828, Time: 00:11:23

Health: -8/35      AC:  9    Str: 22    XL:     4   Next: 83%
Magic:  4/4        EV:  7    Int:  9    God:
Gold:   241        SH: 10    Dex: 13    Spells: 3/3 levels left

rFire    . . .     SeeInvis .   j - +2 flail (protect)
rCold    . . .     Gourm    .   c - +1 shield
rNeg     . . .     Faith    .   b - +0 scale mail
rPois    .         Spirit   .   (no helmet)
rElec    .         Reflect  .   (no cloak)
rCorr    .         Harm     .   (no gloves)
MR       .....                  (no boots)
Stlth    ..........             (no amulet)
HPRegen  0.00/turn              (no ring)
MPRegen  0.09/turn              (no ring)

@: mighty
A: molten scales 2, sense surroundings 1, inhibited regeneration, spiny 1
a: no special abilities


You were on level 3 of the Dungeon.
You were not hungry.

You visited 1 branch of the dungeon, and saw 4 of its levels.

You collected 241 gold pieces.

Inventory:

Hand Weapons
 a - a +1 flail
 j - a +2 flail of protection (weapon)
Armour
 b - a +0 scale mail (worn)
 c - a +1 shield (worn)
Wands
 g - a wand of polymorph (9)
Scrolls
 i - 5 scrolls of teleportation
 k - 2 scrolls of remove curse
Potions
 e - 3 potions of cancellation
 h - 2 potions of brilliance
Comestibles
 f - 10 rations
 l - a chunk of flesh


   Skills:
 - Level 3.0 Fighting
 * Level 4.6 Maces & Flails
 - Level 2.6 Armour
 - Level 2.6 Shields


You had 3 spell levels left.
You didn't know any spells.
Your spell library was empty.

Dungeon Overview and Level Annotations

Branches:
Dungeon (4/15)
 Temple: D:4-7

Altars:
Qazlal

Annotations:
D:4 Pikel


Innate Abilities, Weirdness & Mutations

You are mostly covered in molten scales. (AC +3)
You are partially covered in sharp spines.
You passively map a small area around you.
You do not regenerate when monsters are visible.


Message History

Your shield and scale mail prevent you from hitting the iguana.
The iguana is almost dead.
The slave is struck by your spines. The slave hits you.
* * * LOW HITPOINT WARNING * * *
You block the slave's attack. The slave is struck by your spines.
The slave hits you.
* * * LOW HITPOINT WARNING * * *
The iguana closely misses you. The slave barely misses you.
The slave is struck by your spines. The slave barely misses you. x2
Unknown command.
You feel very mighty all of a sudden. The iguana bites you.
* * * LOW HITPOINT WARNING * * *
The slave hits you.
* * * LOW HITPOINT WARNING * * *
You block the slave's attack. x2
You closely miss the iguana.
The iguana is almost dead.
The iguana bites you!
You die...

### ###########.#### #######
.........(.<...# #.....##
###########.##.# ###.###..#
#.##.# #§...§##.# #.##.#
###.....##.# ###########.##.#
#...._.....#
............##.###.#.....#..#
##########..#..p@l.#§....##.#
...............pp#####.####.#
##.##.####..#....[...#^#..#.##
.........#....)..............#
##.##.##.#..#.)<...<.#.##.#.#####
.....................#...........
#.####.#.#.#..............#..####
.........#.###............#..#
#......................##.#..#


You could see 3 slaves and an iguana.

Vanquished Creatures
  4 adders
  An ooze (D:3)
  4 dart slugs
  3 leopard geckos (D:1)
  2 orcs (D:3)
  2 ball pythons
  4 giant cockroaches
  11 goblins
  5 hobgoblins
  3 jackals (D:2)
  3 quokkas
  12 bats
  5 frilled lizards
  7 kobolds
  5 rats
71 creatures vanquished.

Notes
Turn   | Place    | Note
-------+----------+-------------------------------------------
     0 | D:1      | Gearfox the Demonspawn Fighter began the quest for the Orb.
     0 | D:1      | Reached XP level 1. HP: 18/18 MP: 1/1
    18 | D:1      | Reached skill level 2 in Maces & Flails
   146 | D:1      | Gained mutation: You are partially covered in sharp spines.
                  | [demonic ancestry]
   146 | D:1      | Reached XP level 2. HP: 20/24 MP: 2/2
   359 | D:1      | Reached skill level 3 in Maces & Flails
   692 | D:1      | Gained mutation: You are partially covered in molten
                  | scales. (AC +2) [demonic ancestry]
   692 | D:1      | Reached XP level 3. HP: 29/29 MP: 3/3
  1705 | D:3      | Found a stormy altar of Qazlal.
  1778 | D:3      | Gained mutation: You are mostly covered in molten scales.
                  | (AC +3) [demonic ancestry]
  1778 | D:3      | Reached XP level 4. HP: 35/35 MP: 4/4
  1846 | D:3      | Reached skill level 4 in Maces & Flails
  1851 | D:3      | Gained mutation: You do not regenerate when monsters are
                  | visible. [potion of mutation]
  1851 | D:3      | Gained mutation: You passively map a small area around you.
                  | [potion of mutation]
  2755 | D:4      | Noticed a slave
  2794 | D:4      | Noticed a slave
  2794 | D:4      | Noticed a slave
  2796 | D:4      | Noticed Pikel
  2796 | D:4      | Noticed a slave
  2827 | D:3      | HP: 1/35 [slave[Pikel] (1)]
  2828 | D:3      | Mangled by an iguana

Skill      XL: |  1  2  3  4 |
---------------+-------------+-----
Maces & Flails | 2 3 4 |  4.6
Fighting       | |  3.0
Armour         | |  2.6
Shields        | |  2.6

Action                   |  1- 3 |  4- 6 || total
-------------------------+-------+-------++-------
Melee: Flail             |   101 |    52 ||   153
  Use: Scroll            |     6 |     3 ||     9
       Potion            |       |     2 ||     2
  Eat: Chunk             |     3 |     3 ||     6
Armor: Scale mail        |    66 |    34 ||   100
       Skin              |       |     7 ||     7
Dodge: Dodged            |    27 |    21 ||    48
Block: Shield            |    60 |    50 ||   110
